 Seeded DCSS version 0.31-a0-237-g2d982f9f85 (webtiles) character file.

Game seed: 17534068631569876614 (custom seed)

2 innerfire43 the Trooper (level 1, 0/18 HPs)
             Began as a Demonspawn Monk on July 11, 2023.
             Slain by a ball python (1 damage)
             ... on level 1 of the Dungeon.
             The game lasted 00:00:10 (38 turns).

innerfire43 the Trooper (Demonspawn Monk)             Turns: 38, Time: 00:00:11

Health: 0/18       AC:  2    Str: 11    XL:     1   Next: 25%
Magic:  1/1        EV: 10    Int: 11    God:
Gold:   0          SH:  0    Dex: 15    Spells: 0/0 levels left

rFire   . . .        a - +0 mace
rCold   . . .        d - orb {light}
rNeg    . . .        b - +0 robe
rPois   .            (no helmet)
rElec   .            (no cloak)
rCorr   .            (no gloves)
SInv    .            (no boots)
Will    .....        (no amulet)
Stlth   +            (no ring)
HPRegen 0.23/turn    (no ring)
MPRegen 0.07/turn

%: no passive effects
@: glowing, constricted
A: no striking features
a: no special abilities


You were on level 1 of the Dungeon.
You visited 1 branch of the dungeon, and saw 1 of its levels.

Inventory:

Hand Weapons
 a - a +0 mace (weapon)
Armour
 b - a +0 robe (worn)
 d - an orb of light (worn)
Scrolls
 e - a scroll of amnesia {unknown}
Potions
 c - a potion of ambrosia


   Skills:
 - Level 3.0 Fighting
 + Level 2.7 Maces & Flails
 + Level 2.7 Dodging


You couldn't memorise any spells.
You didn't know any spells.
Your spell library was empty.

Dungeon Overview and Level Annotations

Branches:
Dungeon (1/15)

Altars:


Message History

You hit the kobold.
You kill the kobold!
The bat misses you. The kobold hits you but does no damage.
There are monsters nearby!
You hit the kobold but do no damage. The bat closely misses you.
The kobold hits you with a +0 short sword.
A dart slug comes into view.
Unknown command.
You hit the kobold but do no damage. The bat closely misses you.
The kobold hits you with a +0 short sword.
Unknown command.
You hit the kobold.
The kobold is heavily wounded.
The bat barely misses you. The kobold closely misses you.
The ball python bites you. The ball python grabs you.
The ball python constricts you.
The kobold hits you with a +0 short sword.
Unknown command.
You are too injured to fight recklessly!
Unknown command.
You closely miss the frilled lizard. The bat hits you but does no damage.
The ball python bites you. The ball python constricts you.
The kobold hits you with a +0 short sword.
The frilled lizard closely misses you.
You are too injured to fight recklessly!
You hit the frilled lizard.
You kill the frilled lizard!
The bat barely misses you. The ball python bites you.
* * * LOW HITPOINT WARNING * * *
The ball python constricts you.
The dart slug briefly extends its eye-stalks.
The kobold hits you with a +0 short sword.
* * * LOW HITPOINT WARNING * * *
The ball python bites you.
* * * LOW HITPOINT WARNING * * *
The ball python constricts you.
You hit the ball python but do no damage.
The bat barely misses you. The kobold closely misses you.
The ball python bites you.
You die...

...?... .......
.$..... ...w... .....#
.b...# ###K....#
##.@.....+ #...S....#
#+###+# ##.......#
#.....# #.###...#
#.....# #.# #...+
#.<>..#
#.###...###.....#
#.####.......#.'.....#
#......###...#.#######
##.....###...'....#


You could see a dart slug, a bat, a ball python and a kobold.

Vanquished Creatures
  A kobold (D:1)
  A frilled lizard (D:1)
2 creatures vanquished.

Notes
Turn   | Place    | Note
-------+----------+-------------------------------------------
     0 | D:1      | innerfire43 the Demonspawn Monk began the quest for the
                  | Orb.
     0 | D:1      | Reached XP level 1. HP: 18/18 MP: 1/1
    38 | D:1      | Slain by a ball python

Illustrated notes

Levels and vault maps discovered:
D:1:      shiori_arrival_maze, layout_rooms, minmay_misc_feat_diagonals,
          minmay_crystal_room

Action                     || total
---------------------------++-------
  Melee: Mace              ||    10
 Armour: Robe              ||     2
  Dodge: Dodged            ||    12

Table legend: (Time is in decaauts)
 A = Elapsed time spent in this place.
 B = Non-inter-level travel time spent in this place.
 C = Inter-level travel time spent in this place.
 D = Time resting spent in this place.
 E = Time spent auto-exploring this place.
 F = Levels seen in this place.
 G = Mean time per level.
                   A        B        C        D        E       F      G
               +--------+--------+--------+--------+--------+-----+--------+
         Total |     40 |     40 |      0 |      0 |     23 |   1 |   40.0 |
       Dungeon |     40 |     40 |      0 |      0 |     23 |   1 |   40.0 |
               +--------+--------+--------+--------+--------+-----+--------+

Top non-repeatable levels by time:
     D:1: 40 daAuts
